Cogmind - Beta 15 @@@ ROGUE MODE // 2025.07.20 @ 08:16:57 Player: vorpal Result: Self-destructed Performance ------------- Evolutions (1) 500 Regions Visited (2) 400 Robots Destroyed (12) 60 Value Destroyed (414) 414 Prototype IDs (0) 0 Alien Tech Used (0) 0 Bonus (0) 0 TOTAL SCORE: 1374 Bonus ------- None Cogmind --------- Core Integrity 371/400 Matter 285/300 Energy 179/250 System Corruption 0% Temperature Cool (76) Movement Rolling (105) Ox1 Location -9/Materials Parts ------- > --- POWER (1) -------- Ion Engine > --- PROPULSION (2) --- Armored Wheel Armored Wheel > --- UTILITY (4) ------ Large Storage Unit Sensor Array Signal Interpreter Insulated Plating > --- WEAPON (2) ------- Light EM Pulse Cannon Shotgun > --- INVENTORY (15) --- Ion Engine Armored Wheel Armored Wheel Heat Sink Small Storage Unit Machine Analyzer Targeting Computer Insulated Plating Hardlight Generator Hardlight Generator Light EM Pulse Cannon Light EM Pulse Cannon Shotgun Peak State ------------ > --- POWER ------------ Ion Engine > --- PROPULSION ------- Armored Wheel Armored Wheel > --- UTILITY ---------- Large Storage Unit Sensor Array Signal Interpreter Insulated Plating > --- WEAPON ----------- Light EM Pulse Cannon Shotgun > --- INVENTORY -------- Ion Engine Armored Wheel Armored Wheel Heat Sink Small Storage Unit Machine Analyzer Targeting Computer Insulated Plating Hardlight Generator Hardlight Generator Light EM Pulse Cannon Light EM Pulse Cannon Shotgun Shotgun [Rating: 17] Favorites ----------- Power Light Ion Engine Engine Light Ion Engine Propulsion Armored Wheel Leg Improved Aluminum Leg Wheel Armored Wheel Utility Small Storage Unit Device Heat Sink Storage Small Storage Unit Processor Signal Interpreter Protection Insulated Plating Weapon Light EM Pulse Cannon Energy Cannon Light EM Pulse Cannon Ballistic Gun Shotgun Special Weapon Mining Laser Build | -11 -10 -9 ------- Run | Yrd Mat Mat Slots Evolved 2 | . . 2 Power . | . . . Propulsion . | . . . Utility 2 | . . 2 Weapon . | . . . Parts Attached 24 | 5 14 5 Power 3 | 1 2 . Engine 3 | 1 2 . Core . | . . . Reactor . | . . . Propulsion 6 | 2 4 . Treads . | . . . Leg 2 | . 2 . Wheel 4 | 2 2 . Hover . | . . . Flight . | . . . Utility 6 | 1 2 3 Device 2 | . 1 1 Storage 2 | 1 1 . Processor 1 | . . 1 Hackware . | . . . Protection 1 | . . 1 Artifact . | . . . Weapon 9 | 1 6 2 Energy Gun . | . . . Energy Cannon 4 | . 3 1 Ballistic Gun 4 | 1 2 1 Ballistic Cannon . | . . . Launcher . | . . . Special Weapon 1 | . 1 . Impact Weapon . | . . . Slashing Weapon . | . . . Piercing Weapon . | . . . Special Melee Weapon . | . . . Unidentified Prototypes . | . . . Parts Lost 2 | . 1 1 Power 1 | . 1 . Propulsion . | . . . Utility . | . . . Weapon 1 | . . 1 Highest Loss Streak 1 | . 1 1 To Critical Strikes . | . . . Average Backups 6 | . 5 13 Power . | . 1 1 Propulsion 1 | . 1 2 Utility 1 | . . 6 Weapon 2 | . 2 3 Tool/Special . | . . . Unused Backups 10 | . 3 7 Power 1 | . 1 . Propulsion 4 | . 2 2 Utility 5 | . . 5 Weapon . | . . . Tool/Special . | . . . Average Slot Usage (%) 86 | . 82 98 Engine 11 | . 11 11 Leg 1 | . 1 . Wheel 23 | . 24 22 Device 6 | . 4 12 Storage 13 | . 14 11 Processor 2 | . . 10 Protection 2 | . . 8 Energy Cannon 10 | . 9 11 Ballistic Gun 12 | . 13 10 Special Weapon 1 | . 1 . Peak Build Rating 17 | 5 12 17 Average Rating 10 | 3 9 16 On Entrance 5 | . 5 12 Naked Turns . | . . . Heaviest Build 36 | 12 33 36 Greatest Support 26 | 20 26 24 Greatest Overweight (x) 4 | . 4 1 Average Overweight (x) . | . . 1 Largest Inventory Capacity 15 | 8 15 15 Average Capacity 10 | 6 9 15 Most Carried 15 | 2 11 15 Average Carried 7 | . 5 13 Final Capacity 15 | 8 15 15 Final Carried 13 | 1 11 13 Class Distribution -------------------- 100% | Mutant Dominant Class ---------------- Mutant | -10/Materials Mutant | -9/Materials Resources | -11 -10 -9 ----------- Run | Yrd Mat Mat Matter Collected 529 | 224 223 82 Remotely . | . . . Salvage Created 419 | . 237 182 Parts 22 | . 12 10 Haulers Intercepted . | . . . Recyclers Shooed . | . . . Parts Field Recycled . | . . . Retrieved Matter . | . . . Parts Self-Destructed . | . . . Prevented . | . . . Kills | -11 -10 -9 ------- Run | Yrd Mat Mat Combat Hostiles Destroyed 11 | . 7 4 Guns 5 | . 4 1 Cannons 5 | . 3 2 AOE 1 | . . 1 Classes Destroyed 3 | . 2 1 Watcher 1 | . 1 . Grunt 10 | . 7 3 Sentry 1 | . . 1 Best Kill Streak 4 | . 4 4 Combat Bots Only 4 | . 4 4 Max Kills in Single Turn 1 | . 1 1 Gunslinging . | . . . Exploded 1 | . . 1 Melee . | . . . Uniques/NPCs Destroyed . | . . . Combat | -11 -10 -9 -------- Run | Yrd Mat Mat Hostile Shots Fired 51 | . 28 23 Missed 9 | . 4 5 Hits 42 | . 24 18 Projectile 42 | . 24 18 Damage Taken 608 | . 290 318 Core 94 | . 65 29 Absorbed by Shields . | . . . Core Remaining (%) 87 | 100 74 . Volleys Fired 27 | . 15 12 Largest 2 | . 2 2 Hottest 79 | . 79 79 Shots Fired 47 | . 30 17 Gun 26 | . 19 7 Cannon 21 | . 11 10 Launcher . | . . . Special . | . . . Kinetic 26 | . 19 7 Thermal . | . . . Explosive . | . . . Electromagnetic 21 | . 11 10 Robot Hit Streak 8 | . 7 8 Robot Miss Streak 3 | . 3 2 Penetration Max . | . . . Secondary Targets . | . . . Shots Hit Robots 32 | . 21 11 Core Hits 19 | . 13 6 Critical Kills . | . . . Critical Parts Destroyed . | . . . Critical Strikes . | . . . Melee Attacks . | . . . Impact . | . . . Slashing . | . . . Piercing . | . . . Sneak Attacks . | . . . Combat Hostiles . | . . . Follow-up Attacks . | . . . Damage Inflicted 823 | . 450 373 Guns 338 | . 230 108 Cannons 334 | . 199 135 Explosions 151 | . 21 130 Melee . | . . . Ramming . | . . . Kinetic 338 | . 230 108 Thermal 151 | . 21 130 Explosive . | . . . Electromagnetic 334 | . 199 135 Impact . | . . . Slashing . | . . . Piercing . | . . . Highest Corruption . | . . . Average Corruption . | . . . Corruption Purged . | . . . Corruption Blocked . | . . . Overload Shots . | . . . Overflow Damage 17 | . 3 14 Projectiles . | . . . Explosions 17 | . 3 14 Melee . | . . . Knockbacks . | . . . Impact . | . . . Kinetic . | . . . Secondary . | . . . Self-Inflicted Damage 83 | . 33 50 Shots 2 | . 1 1 Rammed . | . . . Targets Rammed . | . . . Kicked . | . . . Crushed . | . . . Highest Temperature 329 | . 78 329 Average Temperature 144 | . 33 182 Received Heat Transfer 276 | . 144 132 Effects 1 | . . 1 Interference 1 | . . 1 Siege Activations . | . . . Martial Activations . | . . . Shielding Activations . | . . . Robots Disrupted . | . . . Combat Hostiles . | . . . Robots Corrupted . | . . . Combat Hostiles . | . . . Parts Fried 1 | . 1 . Impact Corruptions . | . . . Robots Melted . | . . . Combat Hostiles . | . . . Parts Melted . | . . . Heat Transferred 200 | . 50 150 Parts Sabotaged . | . . . Parts Stolen . | . . . Parts Stripped . | . . . Power Chain Reactions 2 | . 1 1 Alert | -11 -10 -9 ------- Run | Yrd Mat Mat Maximum Alert Level . | . . . Low Security (%) 100 | 100 100 100 Level 1 . | . . . Level 2 . | . . . Level 3 . | . . . Level 4 . | . . . Level 5 . | . . . High Security . | . . . Max Security . | . . . Peak Influence 91 | . 91 75 Initial 34 | . . 34 Average 15 | . 14 23 Influence Increases 296 | . 191 105 Destroy 0b10 Robot/C 220 | . 140 80 Destroy 0b10 Robot/NC 5 | . 5 . Destroy Leader 42 | . 22 20 Successful Hack 5 | . 5 . Destroy Structure 9 | . 4 5 Lose Combat Pursuer 15 | . 15 . Influence Decreases 231 | . 108 123 Entered New Map 49 | . . 49 Time Decay 162 | . 98 64 Lost Part 20 | . 10 10 Squads Dispatched 4 | . 3 1 Investigation 4 | . 3 1 Extermination . | . . . Reinforcement . | . . . Assault . | . . . Garrison . | . . . Intercept . | . . . Searches Triggered . | . . . Construction Impeded . | . . . Haulers Reinforced . | . . . Active Scanning Responses . | . . . Cargo Convoy Interrupts . | . . . Stealth | -11 -10 -9 --------- Run | Yrd Mat Mat Distress Signals 1 | . 1 . Communications Jammed . | . . . Distress Signals . | . . . Times Spotted 15 | . 10 5 Peak Tracking Total 4 | . 4 4 Tactical Retreats 1 | . 1 . Traps | -11 -10 -9 ------- Run | Yrd Mat Mat Traps Triggered 2 | . 1 1 Indirectly . | . . . Trap Hack Attempts . | . . . Triggered . | . . . Disarmed . | . . . Reprogrammed . | . . . Reused . | . . . Traps Extracted . | . . . Installed . | . . . Triggered . | . . . Machines | -11 -10 -9 ---------- Run | Yrd Mat Mat Machines Disabled . | . . . Max in Single Turn . | . . . Machines Repaired . | . . . Machines Dismantled . | . . . Machines Sabotaged . | . . . Overloaded Fab Kills . | . . . Hacking | -11 -10 -9 --------- Run | Yrd Mat Mat Machines Accessed 3 | . 3 . Terminals 3 | . 3 . Fabricators . | . . . Repair Stations . | . . . Recycling Units . | . . . Scanalyzers . | . . . Garrison Access . | . . . Total Hacks 8 | . 8 . Successful 2 | . 2 . Failed 6 | . 6 . Catastrophic 2 | . 2 . Database Lockouts . | . . . Manual 3 | . 3 . Terminals 8 | . 8 . Fabricators . | . . . Repair Stations . | . . . Recycling Units . | . . . Scanalyzers . | . . . Garrison Access . | . . . Terminal Hacks 2 | . 2 . Dispatch Records 1 | . 1 . Transport Status 1 | . 1 . Fabricator Hacks . | . . . Repair Station Hacks . | . . . Recycling Unit Hacks . | . . . Scanalyzer . | . . . Garrison Access Hacks . | . . . Unauthorized Hacks . | . . . Terminals . | . . . Fabricators . | . . . Repair Stations . | . . . Recycling Units . | . . . Scanalyzers . | . . . Garrison Access . | . . . Data Cores Recovered . | . . . Used . | . . . Hacking Detections 3 | . 3 . Full Trace Events 3 | . 3 . Feedback Events . | . . . Feedback Blocked . | . . . Robot Schematics Acquired . | . . . Robots Built . | . . . Authchips . | . . . Time . | . . . Total Robot Build Rating . | . . . Part Schematics Acquired . | . . . Parts Built . | . . . Authchips . | . . . Time . | . . . Total Part Build Rating . | . . . Parts Repaired . | . . . Time . | . . . Parts Recycled . | . . . Recycled Matter . | . . . Retrieved Matter . | . . . Retrieved Components . | . . . Parts Scanalyzed . | . . . Part Schematics Acquired . | . . . Parts Damaged . | . . . Bothacking | -11 -10 -9 ------------ Run | Yrd Mat Mat Used RIF Installer . | . . . Robots Hacked . | . . . Non-combat . | . . . Combat . | . . . Robot Hacks Applied . | . . . Relay Couplers Released . | . . . Fabnet Peak Effective % . | . . . Robots Rewired . | . . . Allies Hacked . | . . . Hacks Repelled . | . . . Allies | -11 -10 -9 -------- Run | Yrd Mat Mat Total Allies . | . . . Largest Group . | . . . Highest-Rated Group . | . . . Highest-Rated Ally . | . . . Total Orders . | . . . Ally Attacks . | . . . Total Damage . | . . . Kills . | . . . Allies Corrupted . | . . . Allies Melted . | . . . Intel | -11 -10 -9 ------- Run | Yrd Mat Mat Active Infowar (turns) 144 | . . 144 Sensors 144 | . . 144 Robot Analysis Total . | . . . Derelict Logs Recovered . | . . . Drone Launches . | . . . Drone Recoveries . | . . . Exploration | -11 -10 -9 ------------- Run | Yrd Mat Mat Turns Passed 603 | 46 413 144 Spaces Moved 437 | 45 317 75 Core 11 | 5 6 . Treads . | . . . Legs 21 | . 21 . Wheels 405 | 40 290 75 Hover . | . . . Flight . | . . . Fastest Speed 50 | 50 80 105 Average Speed 92 | 76 91 105 Slowest Speed 250 | 80 250 105 Overloaded Moves . | . . . Propulsion Burnouts . | . . . Robots Hopped . | . . . Potential Cave-ins . | . . . Cave-ins Triggered . | . . . Exploration Rate (%) 17 | 3 41 7 Regions Visited 2 Branch Regions . Pre-discovered Areas . | . . . Known Exits Taken . | . . . Unknown Exits Taken 2 | 1 1 . Scrap Searched . | . . . Spaces Dug . | . . . Terrain Destroyed 7 | . 3 4 Melee . | . . . Projectile . | . . . AOE 7 | . 3 4 Terrain Rammed . | . . . Walls Destroyed . | . . . Machines Disabled . | . . . Actions | -11 -10 -9 --------- Run | Yrd Mat Mat Total 588 | 55 410 123 Wait 60 | . 35 25 Move 435 | 44 316 75 Hop . | . . . Pick Up 27 | 4 18 5 Fast Attach 10 | 4 6 . Attach 9 | 1 4 4 Detach 1 | . . 1 Swap 6 | . 5 1 Drop 13 | 2 11 . Fire 27 | . 15 12 Melee . | . . . Ram . | . . . Kick . | . . . Crush . | . . . Escape Stasis . | . . . Rewire . | . . . Trap . | . . . Miscellaneous . | . . . Route ------- -11/Scrapyard -10/Materials -9/Materials History --------- Turn | Location | Event 26 | -11/Scrapyard | Discovered new exit (range 14) 47 | -11/Scrapyard | Entered Materials 301 | -10/Materials | Build established: Mutant 334 | -10/Materials | Discovered new exit (range 10) 460 | -10/Materials | Entered another Materials area 460 | -9/Materials | Evolved 2 slots: Utility x2 604 | -9/Materials | Self-destructed Last Messages --------------- 00558_ G-34 Mercenary destroyed. 00570_ Chain reaction triggered in Lgt. Nuclear Core. 00570_ Shotgun destroyed. 00570_ Destroyed Shotgun. 00577_ Overheating: System interference. 00577_ Lgt. EM Pulse Cannon temporarily disabled. 00578_ Y-45 Defender destroyed. 00586_ U-05 Engineer lays Concrete. 00588_ U-05 Engineer builds a Wall. 00589_ G-47 Trooper destroyed. 00591_ Acquired 52 matter. 00593_ U-05 Engineer lays Concrete. 00594_ Acquired 30 matter. 00594_ U-05 Engineer lays Concrete. 00595_ U-05 Engineer builds a Door. 00596_ K-01 Serf collects debris. 00600_ U-05 Engineer lays Concrete. 00602_ U-05 Engineer builds a Wall. Map ----- +----------------------------------------------------+ | | | | | | | | | | | | | | | | | | | | | | | | | | | | | ?????????????????????????????????????????????????? | | ?????########????????????????????????????????????? | | ?????# #????????????????????????????????????? | | ?????# """ #????????????????????????????????????? | | ?????# """ #????????????????????????????????????? | | ?????# """ #????????????????????????????????????? | | ?????# """ #????????????????????????????????????? | | ?????# #????????????????????????????????????? | | ?????####+####################+######+###### ????? | | ?????# [ ???? | | ?????# [== ???? | | ?????# @ ! *uk gu ???? | | ?????## ##########+######/######+#??????????? | | ??????# ## """ # !="#???????????????? | | ??????# ! # "T" # "#???????????????? | | ??????#!!!!!!## # ##???????????????? | | ??????######### """ """ # #????????????????? | | ??????????????# """ """ # #????????????????? | | ??????????????# """ """ # #????????????????? | | ???????????????? # #????????????????? | | ????????????????#################????????????????? | | ?????????????????????????????????????????????????? | | ?????????????????????????????????????????????????? | | ?????????????????????????????????????????????????? | | ?????????????????????????????????????????????????? | | ?????????????????????????????????????????????????? | | ?????????????????????????????????????????????????? | | ?????????????????????????????????????????????????? | | ?????????????????????????????????????????????????? | | ?????????????????????????????????????????????????? | | ?????????????????????????????????????????????????? | | ?????????????????????????????????????????????????? | | ?????????????????????????????????????????????????? | | ?????????????????????????????????????????????????? | | ?????????????????????????????????????????????????? | | ?????????????????????????????????????????????????? | +----------------------------------------------------+ Best States ------------- Heat Dissipation 38 Energy Generation 10 Energy Capacity 250 Matter Stores 289 Matter Capacity 300 Sight Range 16 Robot Scan Range 14 Terrain Scan Density 10 Armor Coverage 150 Resistance: EM 15 Evasion (%) 55 Item Schematics ----------------- None Robot Schematics ------------------ None Fabricated ------------ Nothing Repaired ---------- Nothing Alien Tech Used ----------------- None Achievements -------------- Party Time Challenges ------------ None Game ------ Seed ElectrostormChromionSheargun Manual? 0 Play Time 00:22:15 Cumulative 3.8 hours Start 2025.07.20 @ 07:15:21 End 2025.07.20 @ 08:16:57 Sessions 2 Manual Loads 0 Difficulty Rogue Special Mode None Game No. 4 Rogue 4 Adventurer 0 Explorer 0 Win Type - Total 0 Types 0/0/0/0/0/0/0/0/0/0 Lore% 6 Gallery% 4 Achievement% 4 Wizard Run 0 Options --------- Layout 1 ASCII 0 Keyboard 0 Movement Mouse Keybinds 0 Fullscreen 2 Font 24/Crisp Map View 50x35 Zoom Use 34% Tactical HUD 1 Map Filters NONE Filters NONE Steam 1 RUN: 4400f2bb-8402-43cf-9219-0c9256f38a83